Diablos vs Royaux
(R2)
Created - March 22, 2020 at 19:28
Goals
|
Diablos |
1 |
2 |
3 |
6 |
Royaux |
0 |
2 |
1 |
3 |
|
Shots
|
Diablos |
11 |
12 |
10 |
33 |
Royaux |
7 |
10 |
10 |
27 |
|
1st period
1. Diablos , Tyler Pitlick 15 (Adrian Kempe 25, Philip Larsen 26) at 12:06
Penalties :
Brandon Pirri (Cap) for Slashing (Minor) at 0:59
2nd period
2. Diablos , Nick Spaling 41 (Lars Eller 40, Viktor Loov 18) at 1:06
3. Diablos , Jordan Szwarz 37 (Peter Holland 5) at 11:41
4. Royaux , Danny Kristo 9 (Nathan Gerbe 31, Ben Hanowski 32) at 14:01
5. Royaux , Haydn Fleury 2 (Dylan Larkin 38) at 15:36
Penalties :
Nathan Gerbe (Cap) for Tripping (Minor) at 7:59, Danny Kristo (Cap) for Holding Stick (Minor) at 11:44, Cameron Gaunce (Don) for Holding (Minor) at 17:01, Mirco Mueller (Cap) for Roughing (Minor) at 19:45
3rd period
6. Diablos , Corey Trivino 20 (Andrei Mironov 14) at 5:16
7. Royaux , Sonny Milano 12 (Simon Despres 28) at 8:50
8. Diablos , Adrian Kempe 14 (Brian Dumoulin 30, Viktor Loov 19) at 18:55 (Empty Net)
9. Diablos , Adrian Kempe 15 (Tyler Pitlick 21, Jiri Sekac 16) at 19:09
Penalties :
Dylan Larkin (Cap) for Hooking (Minor) at 2:39, Brandon Pirri (Cap) for Interference (Minor) at 6:18, David Pastrnak (Don) for Slashing (Minor) at 13:01
Goalie Stats
Kristers Gudlevskis (Don), 24 saves from 27 shots - (0.889), W, 24-20-4, 60:00 minutes
Igor Shesterkin (Cap), 27 saves from 32 shots - (0.844), L, 9-9-2, 59:50 minutes
Players Stats for Diablos
Player Name G A P +/- PIM S H SB GA TA FO MP PP MP PK MP
------------------------------------------------------------------------------------
Adrian Kempe 2 1 3 3 0 3 2 0 0 0 4/5 8:44 0:00 0:00
Alex Petrovic 0 0 0 1 0 0 2 0 0 0 0/0 11:15 0:00 1:34
Andrei Mironov 0 1 1 1 0 0 0 0 0 0 0/0 16:15 5:10 0:11
Brian Dumoulin 0 1 1 3 0 3 1 0 0 0 0/0 22:51 6:44 2:24
Cameron Gaunce 0 0 0 -1 2 3 1 1 0 2 0/0 25:49 5:10 0:00
Corey Trivino 1 0 1 -1 0 5 1 0 0 0 3/5 9:30 0:01 2:05
Danton Heinen 0 0 0 1 0 0 1 1 0 0 1/1 17:13 5:16 0:00
David Pastrnak 0 0 0 0 2 1 2 0 0 1 1/3 22:06 6:27 0:00
Jiri Sekac 0 1 1 3 0 1 1 0 0 0 0/0 11:17 0:01 1:11
Jordan Szwarz 1 0 1 1 0 6 2 0 1 0 0/0 18:15 5:16 0:44
Lars Eller 0 1 1 0 0 4 2 0 0 1 20/37 23:12 6:37 0:51
Nick Spaling 1 0 1 0 0 3 3 0 2 0 1/1 22:02 6:37 0:00
Peter Holland 0 1 1 1 0 1 0 0 1 0 2/10 18:34 5:16 1:02
Philip Larsen 0 1 1 -1 0 0 3 0 0 1 0/0 20:54 0:00 1:23
Scott Glennie 0 0 0 -1 0 0 0 0 0 0 0/0 6:42 0:00 0:00
Sergey Tolchinsky 0 0 0 -1 0 0 2 0 0 0 0/1 6:30 0:00 0:00
Tyler Pitlick 1 1 2 3 0 3 1 0 0 0 1/1 11:56 0:11 2:03
Viktor Loov 0 2 2 3 0 0 1 3 0 0 0/0 22:55 6:44 2:24
Players Stats for Royaux
Player Name G A P +/- PIM S H SB GA TA FO MP PP MP PK MP
------------------------------------------------------------------------------------
Anton Slepyshev 0 0 0 -4 0 1 3 0 0 0 0/0 11:07 1:36 1:23
Ben Hanowski 0 1 1 -1 0 2 2 0 0 0 0/0 19:50 1:04 3:50
Brandon Pirri 0 0 0 -4 4 1 0 0 0 1 0/0 12:23 0:52 1:37
Brendan Woods 0 0 0 -4 0 3 2 0 0 0 7/14 16:35 0:20 6:35
Danny Kristo 1 0 1 -1 2 2 3 0 1 0 0/1 15:12 0:00 0:00
Dylan Larkin 0 1 1 1 2 2 1 0 0 0 9/21 15:52 2:02 0:00
Gord Baldwin 0 0 0 -1 0 0 1 0 0 0 0/0 21:01 1:47 7:20
Haydn Fleury 1 0 1 -1 0 2 1 0 0 0 0/0 25:06 0:00 7:20
Ian McCoshen 0 0 0 -2 0 0 0 1 0 0 0/0 12:36 0:00 0:00
Marcus Pettersson 0 0 0 0 0 0 0 1 0 0 0/0 14:09 2:11 0:07
Marko Dano 0 0 0 2 0 4 3 1 0 1 3/6 20:05 2:02 3:50
Mirco Mueller 0 0 0 0 2 0 0 0 0 1 0/0 11:07 0:00 3:52
Nathan Gerbe 0 1 1 -1 2 2 1 0 2 0 10/19 16:37 1:04 0:08
Nicholas Baptiste 0 0 0 1 0 2 0 0 0 0 0/0 7:19 0:52 0:00
Phil Oreskovic 0 0 0 -2 0 0 1 0 0 0 0/0 14:38 1:47 4:34
Rourke Chartier 0 0 0 0 0 0 1 0 0 0 1/2 4:25 0:00 0:00
Simon Despres 0 1 1 0 0 0 4 1 0 0 0/0 21:23 2:11 0:35
Sonny Milano 1 0 1 1 0 4 0 0 1 0 0/0 6:33 0:00 0:00
Tobias Rieder 0 0 0 1 0 2 3 0 1 1 1/1 22:02 2:02 6:25
3 Stars
1 - Adrian Kempe (Don)
2 - Tyler Pitlick (Don)
3 - Viktor Loov (Don)
Power Play
Diablos - 0 on 6 Attempt(s) - 0.00%
Royaux - 0 on 2 Attempt(s) - 0.00%
Penalty Kill
Diablos - 2 on 2 Attempt(s) - 100.00%
- Score 0 goal in Penalty Kill
Royaux - 6 on 6 Attempt(s) - 100.00%
- Score 0 goal in Penalty Kill
Team Stat
Diablos - Hits : 25 - Faceoff Wins : 33 - Blocked Shots : 5 - Penalty Minutes : 4
Royaux - Hits : 26 - Faceoff Wins : 31 - Blocked Shots : 4 - Penalty Minutes : 12
Official
Referees : Unknown
Linesman : Unknown
Game Notes
Rourke Chartier is injured at 15:20 of 2nd period (Lower Body)
Adrian Kempe has scored in a empty net!
Finance
Level 1 -- Attendance: 1656 (82.80%) -- Ticket Income $57,960
Level 2 -- Attendance: 606 (60.60%) -- Ticket Income $12,120
Total Attendance: 2262 (75.40%)
Total Ticket Income: $70,080
Other Income: $3,504
Total Income: $73,584
Diablos
5 vs 5 Forward
Center Left Wing Right Wing Time % Phy DF OF
1 Lars Eller Nick Spaling David Pastrnak 45 0 0 5
2 Peter Holland Danton Heinen Jordan Szwarz 30 0 0 5
3 Adrian Kempe Jiri Sekac Tyler Pitlick 15 0 2 3
4 Corey Trivino Sergey Tolchinsky Scott Glennie 10 0 3 2
5 vs 5 Defense
Defense Defense Time % Phy DF OF
1 Cameron Gaunce Philip Larsen 40 0 2 3
2 Brian Dumoulin Viktor Loov 30 0 2 3
3 Andrei Mironov Alex Petrovic 20 0 3 2
4 Cameron Gaunce Philip Larsen 10 0 2 3
PowerPlay Forward
Center Left Wing Right Wing Time % Phy DF OF
1 Lars Eller Nick Spaling David Pastrnak 60 0 0 5
2 Peter Holland Danton Heinen Jordan Szwarz 40 0 0 5
PowerPlay Defense
Defense Defense Time % Phy DF OF
1 Brian Dumoulin Viktor Loov 60 0 1 4
2 Andrei Mironov Cameron Gaunce 40 0 1 4
Penalty Kill 4 Players Forward
Center Wing Time % Phy DF OF
1 Corey Trivino Tyler Pitlick 60 1 4 0
2 Lars Eller Jordan Szwarz 40 1 4 0
Penalty Kill 4 Players Defense
Defense Defense Time % Phy DF OF
1 Brian Dumoulin Viktor Loov 60 1 4 0
2 Philip Larsen Alex Petrovic 40 1 4 0
Penalty Kill - 3 Players Forward
Forward Time % Phy DF OF
1 Corey Trivino 60 0 5 0
2 Lars Eller 40 0 5 0
Penalty Kill - 3 Players Defense
Defense Defense Time % Phy DF OF
1 Philip Larsen Viktor Loov 60 0 5 0
2 Alex Petrovic Andrei Mironov 40 0 5 0
4 vs 4 Forward
Center Wing Time % Phy DF OF
1 Lars Eller Jordan Szwarz 60 0 2 3
2 Adrian Kempe David Pastrnak 40 0 2 3
4 vs 4 Defense
Defense Defense Time % Phy DF OF
1 Cameron Gaunce Philip Larsen 60 0 2 3
2 Alex Petrovic Brian Dumoulin 40 0 2 3
Last Minutes Offensive
Center Left Wing Right Wing Defense Defense
Lars Eller Danton Heinen David Pastrnak Brian Dumoulin Philip Larsen
Last Minutes Defensive
Center Left Wing Right Wing Defense Defense
Lars Eller Jiri Sekac Jordan Szwarz Viktor Loov Philip Larsen
Goaltenders
Starting : Kristers Gudlevskis
Backup : Joni Ortio
Extra Forwards
Normal : David Pastrnak, Danton Heinen, Jordan Szwarz - PP : David Pastrnak, Lars Eller - PK : Lars Eller
Extra Defensemen
Normal : Cameron Gaunce, Philip Larsen, Alex Petrovic - PP : Cameron Gaunce - PK : Philip Larsen, Viktor Loov
Penalty Shots
Peter Holland, Lars Eller, Jordan Szwarz, David Pastrnak, Danton Heinen
Scratches
Jamie Devane (Healthy), Matt Lindblad (Healthy), Tyler Lewington (Healthy), Tobias Lindberg (Healthy), Ty Rattie (Healthy)
Andrey Pedan (Healthy), Stuart Percy (Healthy), Charles Hudon (Healthy), Anthony Camara (Healthy), Branden Troock (Healthy)
Riley Nash (Healthy), Jakub Vrana (Healthy), Dominic Turgeon (Healthy), Jack Glover (Healthy), Ryan MacInnis (Healthy)
Matt Tomkins (Healthy)
Royaux
5 vs 5 Forward
Center Left Wing Right Wing Time % Phy DF OF
1 Dylan Larkin Marko Dano Tobias Rieder 38 0 2 3
2 Nathan Gerbe Danny Kristo Ben Hanowski 35 0 2 3
3 Brendan Woods Anton Slepyshev Brandon Pirri 17 0 2 3
4 Rourke Chartier Sonny Milano Nicholas Baptiste 10 0 2 3
5 vs 5 Defense
Defense Defense Time % Phy DF OF
1 Simon Despres Haydn Fleury 40 0 3 2
2 Marcus Pettersson Gord Baldwin 30 0 3 2
3 Ian McCoshen Mirco Mueller 15 0 3 2
4 Phil Oreskovic Ian McCoshen 15 0 3 2
PowerPlay Forward
Center Left Wing Right Wing Time % Phy DF OF
1 Dylan Larkin Marko Dano Tobias Rieder 60 0 1 4
2 Nathan Gerbe Anton Slepyshev Ben Hanowski 40 0 1 4
PowerPlay Defense
Defense Defense Time % Phy DF OF
1 Simon Despres Marcus Pettersson 60 0 2 3
2 Phil Oreskovic Gord Baldwin 40 0 2 3
Penalty Kill 4 Players Forward
Center Wing Time % Phy DF OF
1 Brendan Woods Tobias Rieder 60 0 4 1
2 Marko Dano Ben Hanowski 40 0 4 1
Penalty Kill 4 Players Defense
Defense Defense Time % Phy DF OF
1 Gord Baldwin Haydn Fleury 60 1 2 2
2 Phil Oreskovic Mirco Mueller 40 1 2 2
Penalty Kill - 3 Players Forward
Forward Time % Phy DF OF
1 Brendan Woods 60 0 4 1
2 Ben Hanowski 40 0 4 1
Penalty Kill - 3 Players Defense
Defense Defense Time % Phy DF OF
1 Gord Baldwin Haydn Fleury 60 1 2 2
2 Phil Oreskovic Mirco Mueller 40 1 2 2
4 vs 4 Forward
Center Wing Time % Phy DF OF
1 Nathan Gerbe Marko Dano 60 0 2 3
2 Dylan Larkin Ben Hanowski 40 0 2 3
4 vs 4 Defense
Defense Defense Time % Phy DF OF
1 Gord Baldwin Simon Despres 60 0 3 2
2 Marcus Pettersson Phil Oreskovic 40 0 3 2
Last Minutes Offensive
Center Left Wing Right Wing Defense Defense
Dylan Larkin Marko Dano Ben Hanowski Marcus Pettersson Simon Despres
Last Minutes Defensive
Center Left Wing Right Wing Defense Defense
Marko Dano Brendan Woods Ben Hanowski Haydn Fleury Phil Oreskovic
Goaltenders
Starting : Igor Shesterkin
Backup : Olivier Roy
Extra Forwards
Normal : Marko Dano, Dylan Larkin, Nathan Gerbe - PP : Nathan Gerbe, Brandon Pirri - PK : Brandon Pirri
Extra Defensemen
Normal : Simon Despres, Marcus Pettersson, Haydn Fleury - PP : Haydn Fleury - PK : Simon Despres, Marcus Pettersson
Penalty Shots
Dylan Larkin, Nathan Gerbe, Rourke Chartier, Sonny Milano, Marko Dano
Scratches
Vladislav Namestnikov (Healthy), Garrett Wilson (Healthy), Tanner Kero (Healthy), Greg McKegg (Healthy), Teuvo Teravainen (Lower Body Injury)
Konrad Abeltshauser (Healthy), Tomas Hyka (Healthy), Michael Bunting (Healthy), Ryan Mantha (Healthy), Jack Ramsey (Healthy)
Marcus Hogberg (Healthy), Hayden Hawkey (Healthy)
% Time on Ice - Diablos
Lines # - Real PCT - Wanted PCT - Time Play
Normal Forward
1 - 36% - 45% - 15:47
2 - 30% - 30% - 13:07
3 - 20% - 15% - 8:44
4 - 15% - 10% - 6:30
Normal Defense
1 - 41% - 40% - 18:08
2 - 33% - 30% - 14:44
3 - 22% - 20% - 9:30
4 - 4% - 10% - 1:46
PP Forward
1 - 56% - 60% - 6:38
2 - 44% - 40% - 5:16
PP Defense
1 - 57% - 60% - 6:44
2 - 43% - 40% - 5:10
PK Forward
1 - 82% - 60% - 3:14
2 - 18% - 40% - 0:44
PK Defense
1 - 61% - 60% - 2:24
2 - 39% - 40% - 1:34
PK3 Forward
1 - 0% - 60%
2 - 0% - 40%
PK3 Defense
1 - 0% - 60%
2 - 0% - 40%
44 Forward
1 - 0% - 60%
2 - 0% - 40%
44 Defense
1 - 0% - 60%
2 - 0% - 40%
Last Minute Offensive - 0:00
Last Minute Defensive - 0:00
Total
Forward - 60:00
Defense - 60:00
|
% Time on Ice - Royaux
Lines # - Real PCT - Wanted PCT - Time Play
Normal Forward
1 - 30% - 38% - 13:17
2 - 37% - 35% - 16:12
3 - 18% - 17% - 8:06
4 - 15% - 10% - 6:33
Normal Defense
1 - 41% - 40% - 18:04
2 - 29% - 30% - 12:51
3 - 14% - 15% - 6:14
4 - 16% - 15% - 6:59
PP Forward
1 - 55% - 60% - 2:12
2 - 45% - 40% - 1:46
PP Defense
1 - 55% - 60% - 2:11
2 - 45% - 40% - 1:47
PK Forward
1 - 68% - 60% - 8:04
2 - 32% - 40% - 3:50
PK Defense
1 - 62% - 60% - 7:20
2 - 38% - 40% - 4:34
PK3 Forward
1 - 0% - 60%
2 - 0% - 40%
PK3 Defense
1 - 0% - 60%
2 - 0% - 40%
44 Forward
1 - 0% - 60%
2 - 0% - 40%
44 Defense
1 - 0% - 60%
2 - 0% - 40%
Last Minute Offensive - 0:00
Last Minute Defensive - 0:00
Total
Forward - 60:00
Defense - 60:00
|
Play-by-Play
1st period
0:01 of 1st period - Marko Dano wins face-off versus Lars Eller in neutral zone.
0:26 of 1st period - Jordan Szwarz is hit by Ben Hanowski and loses puck.
0:33 of 1st period - Slapshot by Cameron Gaunce.
0:33 of 1st period - Deflect By Nathan Gerbe.
0:33 of 1st period - Stopped by Igor Shesterkin with a rebound.
0:46 of 1st period - Icing by Viktor Loov.
0:47 of 1st period - Tyler Pitlick wins face-off versus Brendan Woods in Diablos zone.
0:59 of 1st period - Minor Penalty to Brandon Pirri for Slashing.
1:00 of 1st period - Brendan Woods wins face-off versus Lars Eller in Royaux zone.
1:10 of 1st period - Brendan Woods is hit by Viktor Loov and loses puck.
2:18 of 1st period - Tobias Rieder is hit by Cameron Gaunce and loses puck.
2:39 of 1st period - Gord Baldwin is hit by Lars Eller and loses puck.
2:59 of 1st period - Penalty to Brandon Pirri is over, Brandon Pirri is back on ice.
3:26 of 1st period - Brian Dumoulin is hit by Danny Kristo.
3:30 of 1st period - Simon Despres is hit by Sergey Tolchinsky and loses puck.
3:57 of 1st period - David Pastrnak is hit by Marko Dano and loses puck.
4:34 of 1st period - Wrist shot by Anton Slepyshev.
4:34 of 1st period - Stopped by Kristers Gudlevskis without a rebound.
4:35 of 1st period - Dylan Larkin wins face-off versus Peter Holland in Diablos zone.
5:00 of 1st period - Anton Slepyshev is hit by Nick Spaling.
5:01 of 1st period - Icing by Anton Slepyshev.
5:02 of 1st period - Lars Eller wins face-off versus Brendan Woods in Royaux zone.
5:08 of 1st period - Off-side.
5:09 of 1st period - David Pastrnak wins face-off versus Nathan Gerbe in neutral zone.
5:22 of 1st period - Slapshot by Nick Spaling.
5:22 of 1st period - Shot Misses the Net.
5:24 of 1st period - Slapshot by Nick Spaling.
5:24 of 1st period - Shot Misses the Net.
5:36 of 1st period - Viktor Loov is hit by Dylan Larkin and loses puck.
5:44 of 1st period - Slapshot by Tobias Rieder.
5:44 of 1st period - Stopped by Kristers Gudlevskis with a rebound.
5:46 of 1st period - Wrist shot by Tobias Rieder.
5:46 of 1st period - Shot Misses the Net.
6:06 of 1st period - Gord Baldwin is hit by Adrian Kempe and loses puck.
6:17 of 1st period - Snap shot by Nicholas Baptiste.
6:17 of 1st period - Stopped by Kristers Gudlevskis without a rebound.
6:18 of 1st period - Rourke Chartier wins face-off versus Sergey Tolchinsky in Diablos zone.
6:31 of 1st period - Backhand shot by Sonny Milano.
6:31 of 1st period - Stopped by Kristers Gudlevskis with a rebound.
6:47 of 1st period - Snap shot by Nick Spaling.
6:47 of 1st period - Shot Blocked by Marko Dano.
6:49 of 1st period - Snap shot by Lars Eller.
6:49 of 1st period - Stopped by Igor Shesterkin with a rebound.
7:33 of 1st period - Wrist shot by Tyler Pitlick.
7:33 of 1st period - Stopped by Igor Shesterkin with a rebound.
7:47 of 1st period - Snap shot by Adrian Kempe.
7:47 of 1st period - Stopped by Igor Shesterkin without a rebound.
7:48 of 1st period - Lars Eller wins face-off versus Rourke Chartier in Royaux zone.
8:59 of 1st period - Snap shot by Brandon Pirri.
8:59 of 1st period - Shot Misses the Net.
9:15 of 1st period - Snap shot by Marko Dano.
9:15 of 1st period - Shot Misses the Net.
9:39 of 1st period - Snap shot by Jordan Szwarz.
9:39 of 1st period - Shot Misses the Net.
10:01 of 1st period - Snap shot by Tyler Pitlick.
10:01 of 1st period - Stopped by Igor Shesterkin without a rebound.
10:02 of 1st period - Dylan Larkin wins face-off versus Lars Eller in Royaux zone.
10:04 of 1st period - Icing by Marko Dano.
10:05 of 1st period - Lars Eller wins face-off versus Dylan Larkin in Royaux zone.
10:35 of 1st period - Off-side.
10:36 of 1st period - Nathan Gerbe wins face-off versus Peter Holland in neutral zone.
10:47 of 1st period - Wrist shot by Danny Kristo.
10:47 of 1st period - Stopped by Kristers Gudlevskis without a rebound.
10:48 of 1st period - Lars Eller wins face-off versus Dylan Larkin in Diablos zone.
10:48 of 1st period - Lars Eller is hit by Simon Despres.
11:18 of 1st period - Wrist shot by Jordan Szwarz.
11:18 of 1st period - Stopped by Igor Shesterkin without a rebound.
11:19 of 1st period - Peter Holland wins face-off versus Nathan Gerbe in Royaux zone.
11:22 of 1st period - Slapshot by Peter Holland.
11:22 of 1st period - Shot Misses the Net.
12:04 of 1st period - Snap shot by Adrian Kempe.
12:04 of 1st period - Shot Misses the Net.
12:06 of 1st period - Snap shot by Tyler Pitlick.
12:06 of 1st period - Goal by Tyler Pitlick - Diablos : 1 - Royaux : 0.
12:07 of 1st period - Nathan Gerbe wins face-off versus Lars Eller in neutral zone.
12:34 of 1st period - Danton Heinen is hit by Tobias Rieder.
13:31 of 1st period - Wrist shot by Sergey Tolchinsky.
13:31 of 1st period - Deflect By Corey Trivino.
13:31 of 1st period - Stopped by Igor Shesterkin with a rebound.
13:45 of 1st period - Snap shot by Marko Dano.
13:45 of 1st period - Deflect By Dylan Larkin.
13:45 of 1st period - Shot Blocked by Viktor Loov.
13:45 of 1st period - Puck is out of play.
13:46 of 1st period - Lars Eller wins face-off versus Nathan Gerbe in Diablos zone.
14:20 of 1st period - Snap shot by Brandon Pirri.
14:20 of 1st period - Stopped by Kristers Gudlevskis with a rebound.
14:45 of 1st period - Alex Petrovic is hit by Rourke Chartier and loses puck.
15:28 of 1st period - Brian Dumoulin is hit by Anton Slepyshev and loses puck.
16:00 of 1st period - Dylan Larkin is hit by Nick Spaling and loses puck.
18:18 of 1st period - Snap shot by Adrian Kempe.
18:18 of 1st period - Shot Misses the Net.
18:24 of 1st period - Slapshot by Sonny Milano.
18:24 of 1st period - Stopped by Kristers Gudlevskis without a rebound.
18:25 of 1st period - Lars Eller wins face-off versus Dylan Larkin in Diablos zone.
18:25 of 1st period - Lars Eller is hit by Gord Baldwin.
18:41 of 1st period - Slapshot by Lars Eller.
18:41 of 1st period - Stopped by Igor Shesterkin with a rebound.
19:14 of 1st period - Wrist shot by Brian Dumoulin.
19:14 of 1st period - Stopped by Igor Shesterkin without a rebound.
19:15 of 1st period - Corey Trivino wins face-off versus Brendan Woods in Royaux zone.
19:28 of 1st period - Cameron Gaunce is hit by Phil Oreskovic and loses puck.
19:35 of 1st period - Slapshot by Cameron Gaunce.
19:35 of 1st period - Stopped by Igor Shesterkin with a rebound.
19:49 of 1st period - Backhand shot by Corey Trivino.
19:49 of 1st period - Deflect By Anton Slepyshev.
19:49 of 1st period - Shot Blocked by Ian McCoshen.
19:49 of 1st period - Puck is out of play.
19:50 of 1st period - Lars Eller wins face-off versus Dylan Larkin in Royaux zone.
Goals for this period are 1 for Diablos vs 0 for Royaux.
Shots for this period are 11 for Diablos vs 7 for Royaux.
2nd period
0:01 of 2nd period - Nathan Gerbe wins face-off versus Lars Eller in neutral zone.
0:30 of 2nd period - Wrist shot by Dylan Larkin.
0:30 of 2nd period - Stopped by Kristers Gudlevskis without a rebound.
0:31 of 2nd period - Danton Heinen wins face-off versus Dylan Larkin in Diablos zone.
0:31 of 2nd period - Danton Heinen is hit by Marko Dano.
0:43 of 2nd period - Wrist shot by Dylan Larkin.
0:43 of 2nd period - Stopped by Kristers Gudlevskis with a rebound.
0:45 of 2nd period - Wrist shot by Tobias Rieder.
0:45 of 2nd period - Stopped by Kristers Gudlevskis with a rebound.
0:47 of 2nd period - Slapshot by Gord Baldwin.
0:47 of 2nd period - Shot Misses the Net.
1:04 of 2nd period - Snap shot by Nick Spaling.
1:04 of 2nd period - Stopped by Igor Shesterkin with a rebound.
1:06 of 2nd period - Snap shot by Nick Spaling.
1:06 of 2nd period - Goal by Nick Spaling - Diablos : 2 - Royaux : 0.
1:07 of 2nd period - Nathan Gerbe wins face-off versus David Pastrnak in neutral zone.
1:37 of 2nd period - Wrist shot by Jordan Szwarz.
1:37 of 2nd period - Stopped by Igor Shesterkin with a rebound.
1:39 of 2nd period - Snap shot by Jordan Szwarz.
1:39 of 2nd period - Shot Misses the Net.
1:41 of 2nd period - Snap shot by Brian Dumoulin.
1:41 of 2nd period - Shot Misses the Net.
2:38 of 2nd period - Snap shot by Lars Eller.
2:38 of 2nd period - Stopped by Igor Shesterkin without a rebound.
2:39 of 2nd period - Dylan Larkin wins face-off versus Lars Eller in Royaux zone.
3:04 of 2nd period - Jordan Szwarz is hit by Nathan Gerbe and loses puck.
3:13 of 2nd period - Snap shot by Cameron Gaunce.
3:13 of 2nd period - Stopped by Igor Shesterkin with a rebound.
3:25 of 2nd period - Snap shot by Ben Hanowski.
3:25 of 2nd period - Stopped by Kristers Gudlevskis with a rebound.
3:47 of 2nd period - Slapshot by Lars Eller.
3:47 of 2nd period - Shot Misses the Net.
3:49 of 2nd period - Snap shot by Nick Spaling.
3:49 of 2nd period - Stopped by Igor Shesterkin without a rebound.
3:50 of 2nd period - Lars Eller wins face-off versus Dylan Larkin in Royaux zone.
4:23 of 2nd period - Wrist shot by Danton Heinen.
4:23 of 2nd period - Shot Blocked by Marcus Pettersson.
4:39 of 2nd period - Adrian Kempe is hit by Brendan Woods and loses puck.
4:44 of 2nd period - Snap shot by Brendan Woods.
4:44 of 2nd period - Stopped by Kristers Gudlevskis without a rebound.
4:45 of 2nd period - Lars Eller wins face-off versus Dylan Larkin in Diablos zone.
5:19 of 2nd period - Wrist shot by Jordan Szwarz.
5:19 of 2nd period - Stopped by Igor Shesterkin without a rebound.
5:20 of 2nd period - Dylan Larkin wins face-off versus Peter Holland in Royaux zone.
5:20 of 2nd period - Dylan Larkin is hit by Alex Petrovic.
5:23 of 2nd period - Icing by Marko Dano.
5:24 of 2nd period - Dylan Larkin wins face-off versus Peter Holland in Royaux zone.
5:24 of 2nd period - Dylan Larkin is hit by Danton Heinen.
5:41 of 2nd period - Icing by Dylan Larkin.
5:42 of 2nd period - Lars Eller wins face-off versus Dylan Larkin in Royaux zone.
6:12 of 2nd period - Snap shot by Marko Dano.
6:12 of 2nd period - Stopped by Kristers Gudlevskis with a rebound.
6:24 of 2nd period - Wrist shot by Dylan Larkin.
6:24 of 2nd period - Deflect By Tobias Rieder.
6:24 of 2nd period - Shot Misses the Net.
6:24 of 2nd period - Puck is out of play.
6:25 of 2nd period - Nathan Gerbe wins face-off versus Lars Eller in Diablos zone.
6:59 of 2nd period - Snap shot by Jiri Sekac.
6:59 of 2nd period - Stopped by Igor Shesterkin without a rebound.
7:00 of 2nd period - Nathan Gerbe wins face-off versus Lars Eller in Royaux zone.
7:00 of 2nd period - Nathan Gerbe is hit by David Pastrnak.
7:27 of 2nd period - Dylan Larkin is hit by Philip Larsen and loses puck.
7:36 of 2nd period - Snap shot by Dylan Larkin.
7:36 of 2nd period - Deflect By Marko Dano.
7:36 of 2nd period - Shot Misses the Net.
7:36 of 2nd period - Puck is out of play.
7:37 of 2nd period - Peter Holland wins face-off versus Danny Kristo in Diablos zone.
7:37 of 2nd period - Peter Holland is hit by Simon Despres.
7:59 of 2nd period - Minor Penalty to Nathan Gerbe for Tripping.
8:00 of 2nd period - Brendan Woods wins face-off versus Lars Eller in Royaux zone.
8:09 of 2nd period - Nick Spaling is hit by Tobias Rieder.
9:59 of 2nd period - Penalty to Nathan Gerbe is over, Nathan Gerbe is back on ice.
10:13 of 2nd period - Snap shot by Nathan Gerbe.
10:13 of 2nd period - Stopped by Kristers Gudlevskis without a rebound.
10:14 of 2nd period - Adrian Kempe wins face-off versus Nathan Gerbe in Diablos zone.
11:00 of 2nd period - Wrist shot by Marko Dano.
11:00 of 2nd period - Stopped by Kristers Gudlevskis without a rebound.
11:01 of 2nd period - Dylan Larkin wins face-off versus Peter Holland in Diablos zone.
11:16 of 2nd period - Snap shot by Marko Dano.
11:16 of 2nd period - Shot Blocked by Viktor Loov.
11:39 of 2nd period - Snap shot by Jordan Szwarz.
11:39 of 2nd period - Stopped by Igor Shesterkin with a rebound.
11:41 of 2nd period - Snap shot by Jordan Szwarz.
11:41 of 2nd period - Goal by Jordan Szwarz - Diablos : 3 - Royaux : 0.
11:42 of 2nd period - Nathan Gerbe wins face-off versus Lars Eller in neutral zone.
11:44 of 2nd period - Minor Penalty to Danny Kristo for Holding Stick.
11:45 of 2nd period - Brendan Woods wins face-off versus Lars Eller in Royaux zone.
13:02 of 2nd period - Anton Slepyshev is hit by Jordan Szwarz and loses puck.
13:44 of 2nd period - Penalty to Danny Kristo is over, Danny Kristo is back on ice.
14:01 of 2nd period - Wrist shot by Danny Kristo.
14:01 of 2nd period - Goal by Danny Kristo - Diablos : 3 - Royaux : 1.
14:02 of 2nd period - Adrian Kempe wins face-off versus Nathan Gerbe in neutral zone.
14:38 of 2nd period - Slapshot by Peter Holland.
14:38 of 2nd period - Stopped by Igor Shesterkin with a rebound.
14:40 of 2nd period - Snap shot by Peter Holland.
14:40 of 2nd period - Shot Misses the Net.
14:55 of 2nd period - Slapshot by Lars Eller.
14:55 of 2nd period - Stopped by Igor Shesterkin with a rebound.
14:57 of 2nd period - Wrist shot by Lars Eller.
14:57 of 2nd period - Shot Misses the Net.
15:13 of 2nd period - Snap shot by Sonny Milano.
15:13 of 2nd period - Shot Misses the Net.
15:19 of 2nd period - Rourke Chartier is hit by Corey Trivino and loses puck.
15:20 of 2nd period - Rourke Chartier from Royaux is injured at 15:20 of 2nd period (Lower Body).
15:21 of 2nd period - Lars Eller wins face-off versus Dylan Larkin in Royaux zone.
15:34 of 2nd period - Snap shot by Dylan Larkin.
15:34 of 2nd period - Shot Misses the Net.
15:36 of 2nd period - Slapshot by Haydn Fleury.
15:36 of 2nd period - Goal by Haydn Fleury - Diablos : 3 - Royaux : 2.
15:37 of 2nd period - Lars Eller wins face-off versus Nathan Gerbe in neutral zone.
15:37 of 2nd period - Lars Eller is hit by Danny Kristo.
15:45 of 2nd period - Wrist shot by Nathan Gerbe.
15:45 of 2nd period - Deflect By Ben Hanowski.
15:45 of 2nd period - Shot Misses the Net.
15:45 of 2nd period - Puck is out of play.
15:46 of 2nd period - Lars Eller wins face-off versus Nathan Gerbe in Diablos zone.
15:46 of 2nd period - Lars Eller is hit by Simon Despres.
16:14 of 2nd period - Ben Hanowski is hit by Philip Larsen and loses puck.
16:35 of 2nd period - David Pastrnak is hit by Danny Kristo and loses puck.
16:56 of 2nd period - Snap shot by Nathan Gerbe.
16:56 of 2nd period - Shot Blocked by Cameron Gaunce.
17:01 of 2nd period - Minor Penalty to Cameron Gaunce for Holding.
17:02 of 2nd period - Corey Trivino wins face-off versus Dylan Larkin in Diablos zone.
17:59 of 2nd period - Tyler Pitlick is hit by Anton Slepyshev and loses puck.
19:01 of 2nd period - Penalty to Cameron Gaunce is over, Cameron Gaunce is back on ice.
19:26 of 2nd period - Ian McCoshen is hit by Sergey Tolchinsky and loses puck.
19:45 of 2nd period - Minor Penalty to Mirco Mueller for Roughing.
19:46 of 2nd period - Lars Eller wins face-off versus Brendan Woods in Royaux zone.
19:59 of 2nd period - Wrist shot by Lars Eller.
19:59 of 2nd period - Shot Misses the Net.
Goals for this period are 2 for Diablos vs 2 for Royaux.
Shots for this period are 12 for Diablos vs 10 for Royaux.
3rd period
0:01 of 3rd period - Tobias Rieder wins face-off versus Lars Eller in neutral zone.
0:06 of 3rd period - Slapshot by Haydn Fleury.
0:06 of 3rd period - Stopped by Kristers Gudlevskis without a rebound.
0:07 of 3rd period - Brendan Woods wins face-off versus Lars Eller in Diablos zone.
0:10 of 3rd period - Wrist shot by Brendan Woods.
0:10 of 3rd period - Shot Misses the Net.
0:45 of 3rd period - Wrist shot by Marko Dano.
0:45 of 3rd period - Shot Misses the Net.
0:47 of 3rd period - Snap shot by Haydn Fleury.
0:47 of 3rd period - Shot Misses the Net.
0:49 of 3rd period - Slapshot by Marko Dano.
0:49 of 3rd period - Shot Blocked by Danton Heinen.
1:05 of 3rd period - Phil Oreskovic is hit by David Pastrnak and loses puck.
1:45 of 3rd period - Penalty to Mirco Mueller is over, Mirco Mueller is back on ice.
2:06 of 3rd period - Mirco Mueller is hit by Tyler Pitlick and loses puck.
2:19 of 3rd period - Icing by Marko Dano.
2:20 of 3rd period - Corey Trivino wins face-off versus Marko Dano in Royaux zone.
2:21 of 3rd period - Slapshot by Brian Dumoulin.
2:21 of 3rd period - Deflect By Nicholas Baptiste.
2:21 of 3rd period - Stopped by Igor Shesterkin without a rebound.
2:22 of 3rd period - Lars Eller wins face-off versus Marko Dano in Royaux zone.
2:23 of 3rd period - Slapshot by Nick Spaling.
2:23 of 3rd period - Deflect By David Pastrnak.
2:23 of 3rd period - Stopped by Igor Shesterkin without a rebound.
2:24 of 3rd period - Dylan Larkin wins face-off versus Lars Eller in Royaux zone.
2:24 of 3rd period - Dylan Larkin is hit by Nick Spaling.
2:39 of 3rd period - Minor Penalty to Dylan Larkin for Hooking.
2:40 of 3rd period - Lars Eller wins face-off versus Brendan Woods in Royaux zone.
3:05 of 3rd period - Brendan Woods is hit by Jordan Szwarz and loses puck.
3:24 of 3rd period - Backhand shot by Marko Dano.
3:24 of 3rd period - Stopped by Kristers Gudlevskis with a rebound.
4:26 of 3rd period - Nick Spaling is hit by Haydn Fleury and loses puck.
4:39 of 3rd period - Penalty to Dylan Larkin is over, Dylan Larkin is back on ice.
5:06 of 3rd period - Icing by Cameron Gaunce.
5:07 of 3rd period - Nathan Gerbe wins face-off versus Corey Trivino in Diablos zone.
5:16 of 3rd period - Wrist shot by Corey Trivino.
5:16 of 3rd period - Goal by Corey Trivino - Diablos : 4 - Royaux : 2.
5:17 of 3rd period - Lars Eller wins face-off versus Dylan Larkin in neutral zone.
5:57 of 3rd period - Slapshot by Nathan Gerbe.
5:57 of 3rd period - Stopped by Kristers Gudlevskis with a rebound.
6:18 of 3rd period - Minor Penalty to Brandon Pirri for Interference.
6:19 of 3rd period - Brendan Woods wins face-off versus David Pastrnak in Royaux zone.
6:19 of 3rd period - Brendan Woods is hit by Brian Dumoulin.
6:50 of 3rd period - Slapshot by Gord Baldwin.
6:50 of 3rd period - Deflect By Marko Dano.
6:50 of 3rd period - Shot Blocked by Viktor Loov.
6:50 of 3rd period - Puck is out of play.
6:51 of 3rd period - Marko Dano wins face-off versus Peter Holland in Diablos zone.
8:00 of 3rd period - Peter Holland is hit by Anton Slepyshev and loses puck.
8:10 of 3rd period - Icing by Danton Heinen.
8:11 of 3rd period - Marko Dano wins face-off versus Lars Eller in Diablos zone.
8:18 of 3rd period - Penalty to Brandon Pirri is over, Brandon Pirri is back on ice.
8:36 of 3rd period - Snap shot by Ben Hanowski.
8:36 of 3rd period - Stopped by Kristers Gudlevskis with a rebound.
8:50 of 3rd period - Snap shot by Sonny Milano.
8:50 of 3rd period - Goal by Sonny Milano - Diablos : 4 - Royaux : 3.
8:51 of 3rd period - Lars Eller wins face-off versus Marko Dano in neutral zone.
9:24 of 3rd period - Slapshot by Peter Holland.
9:24 of 3rd period - Shot Blocked by Simon Despres.
9:40 of 3rd period - Brandon Pirri is hit by Adrian Kempe and loses puck.
9:44 of 3rd period - Icing by Marcus Pettersson.
9:45 of 3rd period - Adrian Kempe wins face-off versus Brendan Woods in Royaux zone.
10:00 of 3rd period - Brandon Pirri is hit by Alex Petrovic and loses puck.
10:11 of 3rd period - Wrist shot by Tyler Pitlick.
10:11 of 3rd period - Shot Misses the Net.
10:13 of 3rd period - Wrist shot by Tyler Pitlick.
10:13 of 3rd period - Shot Misses the Net.
10:27 of 3rd period - Wrist shot by Adrian Kempe.
10:27 of 3rd period - Shot Misses the Net.
10:29 of 3rd period - Wrist shot by Tyler Pitlick.
10:29 of 3rd period - Shot Misses the Net.
10:37 of 3rd period - Slapshot by Brandon Pirri.
10:37 of 3rd period - Deflect By Brendan Woods.
10:37 of 3rd period - Stopped by Kristers Gudlevskis with a rebound.
10:39 of 3rd period - Wrist shot by Brendan Woods.
10:39 of 3rd period - Stopped by Kristers Gudlevskis without a rebound.
10:40 of 3rd period - Nick Spaling wins face-off versus Dylan Larkin in Diablos zone.
10:40 of 3rd period - Nick Spaling is hit by Marko Dano.
11:16 of 3rd period - Snap shot by Jordan Szwarz.
11:16 of 3rd period - Stopped by Igor Shesterkin without a rebound.
11:17 of 3rd period - Lars Eller wins face-off versus Nathan Gerbe in Royaux zone.
12:05 of 3rd period - Snap shot by Corey Trivino.
12:05 of 3rd period - Stopped by Igor Shesterkin with a rebound.
12:07 of 3rd period - Wrist shot by Scott Glennie.
12:07 of 3rd period - Shot Misses the Net.
12:09 of 3rd period - Slapshot by Corey Trivino.
12:09 of 3rd period - Stopped by Igor Shesterkin with a rebound.
12:11 of 3rd period - Slapshot by Scott Glennie.
12:11 of 3rd period - Shot Misses the Net.
12:43 of 3rd period - Off-side.
12:44 of 3rd period - Lars Eller wins face-off versus Nathan Gerbe in neutral zone.
12:52 of 3rd period - David Pastrnak is hit by Ben Hanowski.
13:01 of 3rd period - Minor Penalty to David Pastrnak for Slashing.
13:02 of 3rd period - Dylan Larkin wins face-off versus Corey Trivino in Diablos zone.
13:11 of 3rd period - Slapshot by Corey Trivino.
13:11 of 3rd period - Stopped by Igor Shesterkin with a rebound.
13:43 of 3rd period - Lars Eller is hit by Tobias Rieder and loses puck.
14:27 of 3rd period - Simon Despres is hit by Jiri Sekac and loses puck.
14:40 of 3rd period - Brian Dumoulin is hit by Simon Despres and loses puck.
15:01 of 3rd period - Penalty to David Pastrnak is over, David Pastrnak is back on ice.
16:53 of 3rd period - Gord Baldwin is hit by Philip Larsen and loses puck.
17:46 of 3rd period - Icing by Jiri Sekac.
17:47 of 3rd period - Nathan Gerbe wins face-off versus Peter Holland in Diablos zone.
18:16 of 3rd period - Snap shot by Brian Dumoulin.
18:16 of 3rd period - Stopped by Igor Shesterkin with a rebound.
18:33 of 3rd period - Wrist shot by Nicholas Baptiste.
18:33 of 3rd period - Stopped by Kristers Gudlevskis with a rebound.
18:35 of 3rd period - Snap shot by Sonny Milano.
18:35 of 3rd period - Stopped by Kristers Gudlevskis with a rebound.
18:37 of 3rd period - Snap shot by Marko Dano.
18:37 of 3rd period - Stopped by Kristers Gudlevskis without a rebound.
18:38 of 3rd period - Brendan Woods wins face-off versus Peter Holland in Diablos zone.
18:45 of 3rd period - Royaux, Igor Shesterkin is pulled from the net.
18:55 of 3rd period - Slapshot by Adrian Kempe.
18:55 of 3rd period - Goal by Adrian Kempe - Diablos : 5 - Royaux : 3.
18:55 of 3rd period - Igor Shesterkin from Royaux was sent back in the game.
18:56 of 3rd period - Brendan Woods wins face-off versus Adrian Kempe in neutral zone.
19:00 of 3rd period - Icing by Adrian Kempe.
19:01 of 3rd period - Adrian Kempe wins face-off versus Brendan Woods in Diablos zone.
19:01 of 3rd period - Adrian Kempe is hit by Brendan Woods.
19:09 of 3rd period - Snap shot by Adrian Kempe.
19:09 of 3rd period - Goal by Adrian Kempe - Diablos : 6 - Royaux : 3.
19:10 of 3rd period - Dylan Larkin wins face-off versus Lars Eller in neutral zone.
19:24 of 3rd period - Icing by Lars Eller.
19:25 of 3rd period - Nathan Gerbe wins face-off versus Lars Eller in Diablos zone.
19:34 of 3rd period - Ben Hanowski is hit by Lars Eller and loses puck.
Goals for this period are 3 for Diablos vs 1 for Royaux.
Shots for this period are 10 for Diablos vs 10 for Royaux.
Back to the Top